 Dungeon Crawl Stone Soup version 0.28-a0-991-g956f0ee3d5 (webtiles) character file.

Game seed: 4872537985429027607

68 bearlyready the Chopper (level 4, 0/37 HPs)
             Began as a Hill Orc Gladiator on Dec 4, 2021.
             Slain by an adder (2 damage)
             ... on level 3 of the Dungeon.
             The game lasted 00:03:36 (2827 turns).

bearlyready the Chopper (Hill Orc Gladiator)        Turns: 2827, Time: 00:03:36

Health: 0/37       AC:  8    Str: 15 (18) XL:     4   Next: 19%
Magic:  4/4        EV:  9    Int:  5 (8)  God:
Gold:   21         SH:  3    Dex: 11 (12) Spells: 3/3 levels left

rFire   . . .      SeeInvis .   a - +0 war axe
rCold   . . .      Faith    .   p - +0 buckler
rNeg    . . .      Spirit   .   q - +0 scale mail
rPois   .          Reflect  .   c - +0 helmet
rElec   .          Harm     .   (no cloak)
rCorr   .          Rampage  .   (no gloves)
Will    .....                   j - +0 pair of boots
Stlth   ..........              (no amulet)
HPRegen 0.12/turn               (no ring)
MPRegen 0.09/turn               (no ring)

@: brilliant, lethally poisoned (0 -> -3), attractive, flying, hasted, very
quick
A: no striking features
a: no special abilities


You were on level 3 of the Dungeon.
You visited 1 branch of the dungeon, and saw 3 of its levels.

You collected 21 gold pieces.

Inventory:

Hand Weapons
 a - a +0 war axe (weapon)
Armour
 b - a +0 leather armour
 c - a +0 helmet (worn)
 j - a +0 pair of boots (worn)
 p - a +0 buckler (worn)
 q - a +0 scale mail (worn)
Scrolls
 e - a scroll of vulnerability {unknown}
 g - a scroll of fog {unknown}
 h - a scroll of blinking {unknown}
 k - a scroll of fear {unknown}
Potions
 i - 2 potions of degeneration
 l - a potion of flight
 o - a potion of curing {unknown}


   Skills:
 - Level 2.4 Fighting
 + Level 6.1 Axes
 + Level 1.7 Throwing
 - Level 2.4 Dodging
 + Level 1.5 Shields


You had 3 spell levels left.
You didn't know any spells.
Your spell library contained the following spells:

 Spells                   Type           Power      Damage    Failure   Level
 Sandblast                Erth           0%         2d4       97%         1
 Passwall                 Tmut/Erth      0%         N/A       99%         2
 Stone Arrow              Conj/Erth      0%         3d7       100%        3
 Olgreb's Toxic Radiance  Pois           0%         N/A       100%        4
 Ozocubu's Refrigeration  Ice            0%         4d5       100%        7
 Ignition                 Fire           0%         3d3       100%        8


Dungeon Overview and Level Annotations

Branches:
Dungeon (3/15)

Altars:

Annotations:
D:2 Sigmund


Message History

You are more poisoned.
The adder poisons you! The adder bites you but does no damage.
You barely miss the adder.
You feel very sick. The adder closely misses you.
The adder bites you but does no damage.
Throw: throwing net
Press: ? - help, Q - select action Shift-Dir - straight line, f/p - adder
Aim: an adder (38% to hit)
You throw a throwing net.
The throwing net closely misses the adder.
You feel sick. The adder bites you but does no damage.
You hit the adder but do no damage.
You feel sick. The adder barely misses you.
You hit the adder.
The adder is moderately wounded.
You feel sick. The adder barely misses you. The adder bites you.
* * * LOW HITPOINT WARNING * * *
You are lethally poisoned!
The adder poisons you!
It was a potion of degeneration.
There was something very wrong with that liquid.
You feel weakened.
You feel dopey.
You feel clumsy.
* * * LOW HITPOINT WARNING * * *
You feel sick. The adder barely misses you.
It was a potion of flight.
You feel very buoyant.
You fly up into the air.
* * * LOW HITPOINT WARNING * * *
You feel sick. You block the adder's attack. x2
It was a potion of haste.
You feel yourself speed up.
* * * LOW HITPOINT WARNING * * *
You feel sick. The adder barely misses you.
It was a potion of attraction.
You feel attractive to monsters.
* * * LOW HITPOINT WARNING * * *
You feel sick. The adder closely misses you.
It was a potion of brilliance.
You feel clever all of a sudden.
* * * LOW HITPOINT WARNING * * *
You feel sick. The adder bites you.
You die...

#(# #.# .... ... ... #
#.# ..# .. #.# ..# .#
#.# #.###.####S#### #
#.........@...#
##.####........#.##.#
.....รท.<.......#.##.#
.......<.......#.##.#
...............#.##.#
##.####........#.##.#
...............#.##.#
########....>..#.##.#
#.####..#.##.#


You could see an adder.

Vanquished Creatures
  2 adders (D:3)
  3 dart slugs
  2 orcs (D:3)
  3 endoplasms
  3 giant cockroaches (D:1)
  5 goblins
  2 hobgoblins
  3 kobolds
  4 quokkas
  2 ball pythons
  2 bats
  3 frilled lizards
  6 rats
40 creatures vanquished.

Notes
Turn   | Place    | Note
-------+----------+-------------------------------------------
     0 | D:1      | bearlyready the Hill Orc Gladiator began the quest for the
                  | Orb.
     0 | D:1      | Reached XP level 1. HP: 18/18 MP: 1/1
   191 | D:1      | Reached XP level 2. HP: 25/25 MP: 2/2
   365 | D:1      | Reached skill level 5 in Axes
  1132 | D:1      | Reached XP level 3. HP: 26/30 MP: 3/3
  1700 | D:2      | Noticed Sigmund
  2128 | D:3      | Reached skill level 1 in Shields
  2439 | D:3      | Reached skill level 6 in Axes
  2454 | D:3      | Reached XP level 4. HP: 37/37 MP: 4/4
  2827 | D:3      | Slain by an adder

Illustrated notes

Levels and vault maps discovered:
D:1:      amcnicky_arrival_abandoned_market, layout_loops_ring,
          serial_co_window_serial, co_window_paths_a,
          co_window_of_opportunity_a, co_window_paths_b,
          co_window_of_opportunity_a, co_window_paths_b, co_window_corner_a,
          co_window_paths_a, co_window_of_opportunity_a, co_window_paths_a,
          co_window_corner_ca, co_window_of_opportunity_b,
          co_window_unsneaky_path_a, co_window_broadway_a, co_window_corner_b,
          co_window_paths_c, glass_columns_a, glass_columns_a
D:2:      layout_loops_ring, nrook_uturn, uniq_crazy_yiuf_cottage, uniq_sigmund
D:3:      cheibrodos_helix_gallery, layout_basic,
          shapermc_ecumenical_altar_rom_forum, serial_shops, shop,
          minmay_quadrilaterals, uniq_grinder

Skill      XL: |  1  2  3 |
---------------+----------+-----
Axes           | 5 6 |  6.1
Shields        | 1 |  1.5
Fighting       | |  2.4
Throwing       | |  1.7
Dodging        | |  2.4

Action                   |  1- 3 |  4- 6 || total
-------------------------+-------+-------++-------
Melee: War axe           |    96 |    16 ||   112
Throw: Throwing net      |     1 |     2 ||     3
  Use: Potion            |       |     5 ||     5
Armor: Leather armour    |    25 |       ||    25
       Scale mail        |    18 |     7 ||    25
Dodge: Dodged            |    64 |     9 ||    73
Block: Buckler           |     8 |     4 ||    12

Table legend: (Time is in decaauts)
 A = Elapsed time spent in this place.
 B = Non-inter-level travel time spent in this place.
 C = Inter-level travel time spent in this place.
 D = Time resting spent in this place.
 E = Time spent auto-exploring this place.
 F = Levels seen in this place.
 G = Mean time per level.
                   A        B        C        D        E       F      G
               +--------+--------+--------+--------+--------+-----+--------+
         Total |   2857 |   2698 |    159 |    521 |   1764 |   3 |  952.3 |
       Dungeon |   2857 |   2698 |    159 |    521 |   1764 |   3 |  952.3 |
               +--------+--------+--------+--------+--------+-----+--------+

Top non-repeatable levels by time:
     D:1: 1761 daAuts
     D:3: 717 daAuts
     D:2: 378 daAuts
